Cogmind - Beta 13 @@@ ROGUE MODE // 2024.04.26 @ 11:01:44 Player: Gabe+Kate4EVR Result: Self-destructed Performance ------------- Evolutions (1) 500 Regions Visited (2) 400 Robots Destroyed (20) 100 Value Destroyed (363) 363 Prototype IDs (0) 0 Alien Tech Used (0) 0 Bonus (0) 0 TOTAL SCORE: 1363 Bonus ------- None Cogmind --------- Core Integrity 173/400 Matter 250/300 Energy 42/100 System Corruption 0% Temperature Cool (0) Movement Flying (111) Ox1 Location -9/Materials Parts ------- > --- POWER (1) -------- Nuclear Core > --- PROPULSION (4) --- Flight Unit Flight Unit Flight Unit Flight Unit > --- UTILITY (2) ------ Large Storage Unit > --- WEAPON (2) ------- Small Laser Assault Rifle > --- INVENTORY (15) --- Nuclear Core Aluminum Leg Flight Unit Flight Unit Improved Heat Sink Large Storage Unit Signal Interpreter Signal Interpreter Reaction Control System Spread Laser Hammer Peak State ------------ > --- POWER ------------ Nuclear Core > --- PROPULSION ------- Airjet Airjet Airjet Airjet > --- UTILITY ---------- Large Storage Unit Reaction Control System > --- WEAPON ----------- Hammer Hammer > --- INVENTORY -------- Nuclear Core Aluminum Leg Flight Unit Flight Unit Flight Unit Flight Unit Flight Unit Flight Unit Flight Unit Improved Heat Sink Large Storage Unit Signal Interpreter Signal Interpreter Spread Laser Assault Rifle [Rating: 23] Favorites ----------- Power Light Ion Engine Engine Light Ion Engine Power Core Nuclear Core Propulsion Armored Treads Treads Armored Treads Leg Aluminum Leg Hover Unit Airjet Flight Unit Flight Unit Utility Large Storage Unit Device Seismic Detector Storage Large Storage Unit Processor Visual Processing Unit Weapon Hammer Energy Gun Small Laser Ballistic Gun Assault Rifle Impact Weapon Hammer Build | -11 -10 -9 ------- Run | Yrd Mat Mat Slots Evolved 2 | . . 2 Power . | . . . Propulsion 2 | . . 2 Utility . | . . . Weapon . | . . . Parts Attached 38 | 6 15 17 Power 3 | 1 1 1 Engine 2 | 1 1 . Core 1 | . . 1 Reactor . | . . . Propulsion 21 | 2 7 12 Treads 6 | . 2 4 Leg 5 | 2 3 . Wheel . | . . . Hover 4 | . . 4 Flight 6 | . 2 4 Utility 6 | 1 3 2 Device 2 | . 1 1 Storage 3 | 1 2 . Processor 1 | . . 1 Hackware . | . . . Protection . | . . . Artifact . | . . . Weapon 8 | 2 4 2 Energy Gun 4 | 1 2 1 Energy Cannon . | . . . Ballistic Gun 2 | 1 . 1 Ballistic Cannon . | . . . Launcher . | . . . Special Weapon . | . . . Impact Weapon 2 | . 2 . Slashing Weapon . | . . . Piercing Weapon . | . . . Special Melee Weapon . | . . . Unidentified Prototypes . | . . . Parts Lost 8 | . 1 7 Power . | . . . Propulsion 5 | . 1 4 Utility 2 | . . 2 Weapon 1 | . . 1 Highest Loss Streak 3 | . 1 3 To Critical Strikes . | . . . Average Slot Usage (%) 87 | . 88 86 Engine 7 | . 14 . Core 5 | . . 10 Treads 14 | . 1 28 Leg 9 | . 18 . Hover 2 | . . 4 Flight 1 | . 1 . Device 7 | . 9 3 Storage 12 | . 14 11 Processor 2 | . . 4 Energy Gun 7 | . 13 . Ballistic Gun 7 | . 13 . Impact Weapon 10 | . 1 20 Naked Turns . | . . . Heaviest Build 32 | 11 29 32 Greatest Support 80 | 20 40 80 Greatest Overweight (x) 10 | . 9 10 Average Overweight (x) . | . . . Largest Inventory Capacity 15 | 8 15 15 Average Capacity 12 | 7 11 15 Most Carried 15 | 4 15 15 Average Carried 11 | 1 10 14 Final Capacity 15 | 8 15 15 Final Carried 15 | 4 15 11 Class Distribution -------------------- 100% | Mutant Dominant Class ---------------- Mutant | -10/Materials Mutant | -9/Materials Resources | -11 -10 -9 ----------- Run | Yrd Mat Mat Matter Collected 574 | 220 152 202 Remotely . | . . . Salvage Created 556 | . 185 371 Parts 21 | . 12 9 Haulers Intercepted 1 | . 1 . Recyclers Shooed . | . . . Parts Field Recycled . | . . . Retrieved Matter . | . . . Parts Self-Destructed . | . . . Prevented . | . . . Kills | -11 -10 -9 ------- Run | Yrd Mat Mat Combat Hostiles Destroyed 15 | . 5 10 Melee 4 | . . 4 Guns 6 | . 5 1 Classes Destroyed 7 | . 4 3 Worker 2 | . 1 1 Hauler 1 | . 1 . Recycler 1 | . . 1 Mechanic 1 | . . 1 Swarmer 9 | . 3 6 Grunt 3 | . 2 1 Sentry 3 | . . 3 Best Kill Streak 4 | . 4 3 Combat Bots Only 3 | . 3 3 Max Kills in Single Turn 1 | . 1 1 Gunslinging . | . . . Exploded . | . . . Melee 1 | . . 1 Uniques/NPCs Destroyed . | . . . Combat | -11 -10 -9 -------- Run | Yrd Mat Mat Hostile Shots Fired 166 | . 45 121 Missed 38 | . 13 25 Damage Taken 1469 | . 311 1158 Core 265 | . 38 227 Absorbed by Shields . | . . . Core Remaining (%) 92 | 100 84 . Volleys Fired 23 | . 20 3 Largest 2 | . 2 1 Hottest 85 | . 85 20 Shots Fired 40 | . 37 3 Gun 40 | . 37 3 Cannon . | . . . Launcher . | . . . Special . | . . . Kinetic 23 | . 20 3 Thermal 17 | . 17 . Explosive . | . . . Electromagnetic . | . . . Robot Hit Streak 5 | . 5 5 Robot Miss Streak 5 | . 5 1 Penetration Max . | . . . Secondary Targets 1 | . 1 . Max Gunslinging Chain 1 | . 1 . Shots Hit Robots 66 | . 24 42 Core Hits 18 | . 10 8 Critical Kills 1 | . . 1 Critical Parts Destroyed 8 | . . 8 Critical Strikes 9 | . . 9 Smash 9 | . . 9 Melee Attacks 61 | . . 61 Impact 61 | . . 61 Slashing . | . . . Piercing . | . . . Sneak Attacks 4 | . . 4 Combat Hostiles . | . . . Follow-up Attacks 7 | . . 7 Damage Inflicted 1320 | . 293 1027 Guns 317 | . 293 24 Cannons . | . . . Explosions . | . . . Melee 1002 | . . 1002 Ramming 1 | . . 1 Kinetic 164 | . 140 24 Thermal 153 | . 153 . Explosive . | . . . Electromagnetic . | . . . Impact 1002 | . . 1002 Slashing . | . . . Piercing . | . . . Highest Corruption . | . . . Average Corruption . | . . . Corruption Purged . | . . . Corruption Blocked . | . . . Overload Shots . | . . . Overflow Damage 322 | . . 322 Projectiles . | . . . Explosions . | . . . Melee 322 | . . 322 Knockbacks 3 | . . 3 Impact 3 | . . 3 Kinetic . | . . . Secondary . | . . . Self-Inflicted Damage . | . . . Shots . | . . . Rammed 3 | . . 3 Targets Rammed 3 | . . 3 Kicked . | . . . Crushed . | . . . Highest Temperature 87 | . 87 8 Average Temperature 44 | . 49 7 Received Heat Transfer 480 | . 93 387 Siege Activations . | . . . Robots Corrupted . | . . . Combat Hostiles . | . . . Parts Fried 9 | . . 9 Impact Corruptions 16 | . . 16 Robots Melted . | . . . Combat Hostiles . | . . . Parts Melted 1 | . 1 . Heat Transferred 362 | . 362 . Parts Sabotaged . | . . . Parts Stolen . | . . . Parts Stripped . | . . . Power Chain Reactions . | . . . Alert | -11 -10 -9 ------- Run | Yrd Mat Mat Peak Influence 330 | . 183 330 Initial . | . . . Average 88 | . 66 130 Maximum Alert Level 1 | . . 1 Low Security (%) 89 | 100 100 76 Level 1 10 | . . 23 Level 2 . | . . . Level 3 . | . . . Level 4 . | . . . Level 5 . | . . . High Security . | . . . Max Security . | . . . Squads Dispatched 2 | . 1 1 Investigation . | . . . Extermination . | . . . Reinforcement 2 | . 1 1 Assault . | . . . Garrison . | . . . Intercept . | . . . Searches Triggered . | . . . Construction Impeded . | . . . Haulers Reinforced . | . . . Active Scanning Responses . | . . . Cargo Convoy Interrupts . | . . . Stealth | -11 -10 -9 --------- Run | Yrd Mat Mat Distress Signals 2 | . 1 1 Communications Jammed . | . . . Distress Signals . | . . . Times Spotted 30 | . 12 18 Peak Tracking Total 5 | . 4 5 Tactical Retreats 4 | . 1 3 Traps | -11 -10 -9 ------- Run | Yrd Mat Mat Traps Triggered 1 | . 1 . Indirectly . | . . . Trap Hack Attempts . | . . . Triggered . | . . . Disarmed . | . . . Reprogrammed . | . . . Reused . | . . . Traps Extracted . | . . . Installed . | . . . Triggered 1 | . . 1 Machines | -11 -10 -9 ---------- Run | Yrd Mat Mat Machines Disabled . | . . . Max in Single Turn . | . . . Machines Repaired . | . . . Machines Dismantled . | . . . Machines Sabotaged . | . . . Overloaded Fab Kills . | . . . Hacking | -11 -10 -9 --------- Run | Yrd Mat Mat Machines Accessed . | . . . Terminals . | . . . Fabricators . | . . . Repair Stations . | . . . Recycling Units . | . . . Scanalyzers . | . . . Garrison Access . | . . . Total Hacks . | . . . Successful . | . . . Failed . | . . . Catastrophic . | . . . Database Lockouts . | . . . Manual . | . . . Terminals . | . . . Fabricators . | . . . Repair Stations . | . . . Recycling Units . | . . . Scanalyzers . | . . . Garrison Access . | . . . Terminal Hacks . | . . . Fabricator Hacks . | . . . Repair Station Hacks . | . . . Recycling Unit Hacks . | . . . Scanalyzer . | . . . Garrison Access Hacks . | . . . Unauthorized Hacks . | . . . Terminals . | . . . Fabricators . | . . . Repair Stations . | . . . Recycling Units . | . . . Scanalyzers . | . . . Garrison Access . | . . . Data Cores Recovered . | . . . Used . | . . . Hacking Detections . | . . . Full Trace Events . | . . . Feedback Events . | . . . Feedback Blocked . | . . . Robot Schematics Acquired . | . . . Robots Built . | . . . Authchips . | . . . Time . | . . . Total Robot Build Rating . | . . . Part Schematics Acquired . | . . . Parts Built . | . . . Authchips . | . . . Time . | . . . Total Part Build Rating . | . . . Parts Repaired . | . . . Time . | . . . Parts Recycled . | . . . Recycled Matter . | . . . Retrieved Matter . | . . . Retrieved Components . | . . . Parts Scanalyzed . | . . . Part Schematics Acquired . | . . . Parts Damaged . | . . . Bothacking | -11 -10 -9 ------------ Run | Yrd Mat Mat Used RIF Installer . | . . . Robots Hacked . | . . . Non-combat . | . . . Combat . | . . . Robot Hacks Applied . | . . . Relay Couplers Released . | . . . Fabnet Peak Effective % . | . . . Robots Rewired . | . . . Allies Hacked . | . . . Hacks Repelled . | . . . Allies | -11 -10 -9 -------- Run | Yrd Mat Mat Total Allies . | . . . Largest Group . | . . . Highest-Rated Group . | . . . Highest-Rated Ally . | . . . Total Orders . | . . . Ally Attacks . | . . . Total Damage . | . . . Kills . | . . . Allies Corrupted . | . . . Allies Melted . | . . . Intel | -11 -10 -9 ------- Run | Yrd Mat Mat Robot Analysis Total . | . . . Derelict Logs Recovered . | . . . Drone Launches . | . . . Drone Recoveries . | . . . Exploration | -11 -10 -9 ------------- Run | Yrd Mat Mat Turns Passed 1326 | 113 644 569 Spaces Moved 615 | 81 309 225 Core 21 | 11 3 7 Treads 185 | . 28 157 Legs 337 | 70 267 . Wheels . | . . . Hover 58 | . . 58 Flight 14 | . 11 3 Fastest Speed 48 | 50 120 48 Average Speed 161 | 110 173 163 Slowest Speed 550 | 120 500 550 Overloaded Moves . | . . . Propulsion Burnouts . | . . . Robots Hopped . | . . . Cave-ins Triggered . | . . . Exploration Rate (%) 27 | 5 55 21 Regions Visited 2 Branch Regions . Pre-discovered Areas . | . . . Known Exits Taken . | . . . Unknown Exits Taken 2 | 1 1 . Scrap Searched . | . . . Spaces Dug . | . . . Terrain Destroyed . | . . . Melee . | . . . Projectile . | . . . AOE . | . . . Terrain Rammed . | . . . Walls Destroyed . | . . . Machines Disabled . | . . . Actions | -11 -10 -9 --------- Run | Yrd Mat Mat Total 805 | 101 383 321 Wait 28 | 11 10 7 Move 613 | 80 308 225 Hop . | . . . Pick Up 23 | 4 16 3 Fast Attach 25 | 6 10 9 Attach 6 | . 1 5 Detach 3 | . 1 2 Swap 7 | . 4 3 Drop 23 | . 13 10 Fire 23 | . 20 3 Melee 51 | . . 51 Ram 3 | . . 3 Kick . | . . . Crush . | . . . Escape Stasis . | . . . Rewire . | . . . Trap . | . . . Miscellaneous . | . . . Route ------- -11/Scrapyard -10/Materials (discovered 2 exits: [*Mat] / [*Min]) -9/Materials (discovered 1 exit: [*Min]) History --------- Turn | Location | Event 5 | -11/Scrapyard | Discovered new exit (range 16) 114 | -11/Scrapyard | Entered Materials 312 | -10/Materials | Discovered new exit (range 14) 328 | -10/Materials | Build established: Mutant 740 | -10/Materials | Discovered new exit (range 12) 758 | -10/Materials | Entered another Materials area 758 | -9/Materials | Evolved 2 slots: Propulsion x2 1168 | -9/Materials | Discovered new exit (range 6) 1224 | -9/Materials | Lost 3 parts (3n) 1278 | -9/Materials | Core integrity fell below 50% 1302 | -9/Materials | Lost 3 parts (1n1u1w) 1327 | -9/Materials | Self-destructed Last Messages --------------- 01229_ Com. Wheel fried. 01229_ R-06 Scavenger destroyed. 01241_ Reaction Control System destroyed. 01252_ G-34 Mercenary knocked back. 01257_ Airjet destroyed. 01271_ Hammer destroyed. 01274_ Slammed into G-34 Mercenary. 01274_ Hammer broken. 01274_ Destabilizing: Short circuit. 01279_ Slammed into G-34 Mercenary. 01279_ Nuclear Core broken. 01279_ Destabilizing: Short circuit. 01284_ Slammed into G-34 Mercenary. 01284_ Destabilizing: Core damaged (-4). 01290_ Acquired 2 matter. 01294_ G-34 Mercenary destroyed. 01296_ Acquired 17 matter. 01308_ Acquired Sml. Laser. 01322_ R-06 Scavenger collects Heat Sink. 01326_ R-06 Scavenger collects Ion Engine. Map ----- +----------------------------------------------------+ | ?????????????????????????? #???????????????????? | | ?????????????????????????? #???????????????????? | | ?????????????????????????# #???????????????????? | | ?????????????????????????+ #???????????????????? | | ?????????????????????????# #???????????????????? | | ?????????????????????????# #???????????????????? | | ?????????????????????????+ #???????????????????? | | ???????????????????????### #???????????????????? | | ??????????????????######%# #???????????????????? | | ??????????????????# ! ! # #???????????????????? | | ??????????????????# # #???????????????????? | | ??????????????????# """ # #???????????????????? | | ??????????????????# T" # #???????????????????? | | ??????????????????#! """ + +???????????????????? | | ??????????????????# # #???????????????????? | | ??????????????????######## ####????????????????? | | ????????????????????????# """#????????????????? | | ????????????????????????#% "#????????????????? | | ????????????????????????# !"#????????????????? | | ????????????????????????# < ""#????????????????? | | ?????????????????######## |"#????????????????? | | ?????????????????#!!!! # "#????????????????? | | ?????????????????#!! # """#????????????????? | | ?????????????????# =## ####????????????????? | | ?????????????????#### ## #######+####????????? | | ????????????????????# @ r ?????? | | ????????????????????# % ?????? | | ?????????????######?# % ?????? | | ?????????????# # ############+#### ??????? | | ?????????????# """ # #????????????????????????? | | ?????????????# R" + #????????????????????????? | | ?????????????# """ # #????????????????????????? | | ?????????????# # #????????????????????????? | | ?????????????# ?#w #????????????????????????? | | ?????????????######?# #????????????????????????? | | ????????????######### #????????????????????????? | | ???? #????????????????????????? | | ????????????######### #????????????????????????? | | ????????????######### #????????????????????????? | | ????????????# T # #????????????????????????? | | ????????????# / +????????????????????????? | | ????????????# # #????????????????????????? | | ????????????######### ###??????????????????????? | | ??????????????? ?# % #??????????????????????? | | ???????????????" # #??????????????????????? | | ???????????????? # #??????????????????????? | | ????????????????? + #??????????????????????? | | ??????????????????# #?????????#+##?????????? | | ??????????????????# #????????? ??????????? | | ??????????????????# #?????????# #??????????? | +----------------------------------------------------+ Best States ------------- Heat Dissipation 28 Energy Generation 14 Energy Capacity 240 Matter Stores 300 Matter Capacity 300 Sight Range 18 Terrain Scan Density 10 Evasion (%) 63 Recoil Reduction 4 Item Schematics ----------------- None Robot Schematics ------------------ None Fabricated ------------ Nothing Alien Tech Used ----------------- None Achievements -------------- None Challenges ------------ None Game ------ Seed DeliveryBackupCore Manual? 0 Play Time 00:48:46 Cumulative 125.3 hours Start 2024.04.25 @ 22:07:20 End 2024.04.26 @ 11:01:44 Sessions 1 Manual Loads 0 Difficulty Rogue Special Mode None Game No. 257 Rogue 257 Adventurer 0 Explorer 0 Win Type - Total 0 Types 0/0/0/0/0/0/0/0/0 Lore% 34 Gallery% 54 Achievement% 37 Wizard Run 0 Options --------- Layout 0 ASCII 0 Keyboard 1 Movement Numpad Keybinds 0 Fullscreen 2 Font 18/X11 Map View 76x50 Zoom Use 0% Tactical HUD 1 Map Filters NONE Filters NONE Steam 1 RUN: 9ada0629-70b7-4887-abb9-49f413722935